 Dungeon Crawl Stone Soup version 0.30-a0-743-gbfdf073431 (webtiles) character file.

Game seed: 15727490752694435148

2024 jimonade the Thaumaturge (level 9, 0/56 HPs)
             Began as a Djinni Ice Elementalist on Feb 7, 2023.
             Slain by a wolf (2 damage)
             ... led by Grum
             ... on level 8 of the Dungeon.
             The game lasted 00:19:21 (6929 turns).

jimonade the Thaumaturge (Djinni Ice Elementalist)  Turns: 6929, Time: 00:19:22

Health: 0/56       AC:  5    Str:  9    XL:     9   Next: 47%
Gold:   352        EV: 12    Int: 19    God:
                   SH:  5    Dex: 14

rFire   + + +      SeeInvis .    a - +3 spear
rCold   + . .      Faith    .    (no shield)
rNeg    . . .      Spirit   .    G - +0 troll leather armour {Pargi}
rPois   ∞          Reflect  +    (no helmet)
rElec   .          Harm     .    T - scarf {rC+ rF+}
rCorr   +          Rampage  .    o - +0 pair of gloves of the Ethereal God {+Inv rCorr}
Will    +....                    (boots unavailable)
Stlth   ++                       k - amulet of reflection
HPRegen 1.09/turn                r - ring of willpower
MPRegen 0.00/turn                A - ring of protection from cold

@: flying
A: sickness immunity, fire resistance 2, cold vulnerability 1, float, innate
caster, HP casting, extra vitality 1
a: Evoke Invisibility


You were on level 8 of the Dungeon.
You visited 2 branches of the dungeon, and saw 9 of its levels.
You also visited: Sewer and Ossuary.

You collected 352 gold pieces.

Inventory:

Hand Weapons
 a - a +3 spear (weapon)
 b - a +3 great sword
 c - a +0 dagger
 g - a +0 short sword
 m - a +0 sling
 p - a +0 rapier
 w - a +0 spear
Missiles
 f - 10 poisoned darts
 i - 5 boomerangs
 C - 5 curare-tipped darts
Armour
 n - a +0 ring mail
 o - the +0 pair of gloves of the Ethereal God (worn) {+Inv rCorr}
   (You found it on level 2 of the Dungeon)

   +Inv:      It lets you turn invisible.
   rCorr:     It protects you from acid and corrosion.
 z - a +0 cloak
 E - a +0 chain mail
 G - a +0 troll leather armour (worn) {Pargi}
 I - a +0 cloak
 O - a +0 robe
 Q - +0 steam dragon scales
 S - the +0 robe of the Planets {SInv Stlth+}
   (You found it on level 7 of the Dungeon)

   SInv:      It lets you see invisible.
   Stlth:     It makes you more stealthy.
 T - a scarf of resistance (worn)
 Y - a +3 leather armour
Jewellery
 k - an amulet of reflection (around neck)
 r - a ring of willpower (left hand)
 A - a ring of protection from cold (right hand)
Wands
 J - a wand of paralysis (10)
 K - a wand of flame (44)
 R - a wand of mindburst (11)
Scrolls
 d - 2 scrolls of vulnerability {unknown}
 e - 6 scrolls of teleportation {unknown}
 h - 4 scrolls of identify {unknown}
 j - 3 scrolls of noise {unknown}
 l - a scroll of magic mapping {unknown}
 q - 2 scrolls of immolation {unknown}
 t - a scroll of poison {unknown}
 y - 2 scrolls of blinking {unknown}
 D - 2 scrolls of amnesia {unknown}
 F - 4 scrolls of enchant armour {unknown}
 M - 2 scrolls of enchant weapon {unknown}
 U - 2 scrolls of torment {unknown}
 X - a scroll of fear {unknown}
Potions
 s - 4 potions of curing {unknown}
 u - 4 potions of degeneration {unknown}
 v - a potion of ambrosia {unknown}
 x - 4 potions of heal wounds {unknown}
 B - a potion of mutation {unknown}
 H - 3 potions of invisibility {unknown}
 L - a potion of magic
 N - 2 potions of lignification {unknown}
 P - a potion of attraction {unknown}
 V - a potion of haste {unknown}
 W - 2 potions of might {unknown}


   Skills:
 + Level 0.7 Fighting
 + Level 2.1 Armour
 + Level 3.6 Dodging
 - Level 1.5 Stealth
 + Level 1.1 Shields
 * Level 9.2 Spellcasting


You had 7 spell levels left.
You knew the following spells:

 Your Spells              Type           Power      Damage    Failure   Level
a - Freeze                Ice            100%       1d10      1%          1
b - Frozen Ramparts       Ice            86%        1d13      1%          3
c - Ozocubu's Armour      Ice            43%        N/A       1%          3
d - Summon Ice Beast      Ice/Summ       43%        N/A       2%          4
e - Shock                 Conj/Air       100%       1d9       1%          1
f - Wereblood             Tmut           43%        N/A       1%          2
g - Call Imp              Summ           43%        N/A       1%          2
h - Call Canine Familiar  Summ           43%        N/A       1%          3
Your spell library was empty.

Dungeon Overview and Level Annotations

Branches:
Dungeon (8/15)             Temple (1/1) D:5           Sewer (visited)
Ossuary (visited)
   Lair: D:8-11

Altars:
Cheibriados
Dithmenos
Elyvilon
Fedhas
Gozag
Hepliaklqana
Makhleb
Nemelex Xobeh
Okawaru
Qazlal
Ru
Trog
Wu Jian
Xom
Yredelemnul
Zin
The Shining One

Shops:
D:1 *

Annotations:
D:7 2 transporters
D:8 Grum


Innate Abilities, Weirdness & Mutations

You are immune to sickness and miasma.
You are immune to poison.
Your flesh is very heat resistant. (rF++)
You are vulnerable to cold. (rC-)
You float through the air rather than walking.
You learn spells naturally, not from books.
Your magical power is your life essence.
You have superior vitality. (+4 MHP)


Message History

Grum is severely wounded.
The zap hits the wolf.
The wolf is heavily wounded.
The zap hits the wolf.
The wolf is lightly wounded.
The wolf barely misses your ice beast. Grum closely misses you.
Your ice beast hits the wolf.
The wolf dies!
Aiming: Shock (safe; 1% risk of failure)
Press: ? - help, Q - select action, (/) - cycle Shift-Dir - straight line The zap hits Grum!
Grum is almost dead.
The zap misses the wolf.
The zap hits the wolf!
The wolf is heavily wounded.
Grum hits you from afar with a +1 spear!!
* * * LOW HITPOINT WARNING * * *
Aiming: Shock (safe; 1% risk of failure)
Press: ? - help, Q - select action, (/) - cycle Shift-Dir - straight line Really fire in your ice beast's direction? [Y]es or [N]o only, please.
Really fire in your ice beast's direction?
Okay, then.
Unknown command.
Grum closely misses your ice beast.
Your ice beast barely misses Grum.
Grum hits your ice beast with a +1 spear.
Your ice beast closely misses Grum.
Grum barely misses your ice beast.
Your ice beast closely misses Grum.
You see here 17 gold pieces.
Grum hits your ice beast with a +1 spear!
The wolf barely misses you. The wolf bites you but does no damage.
Your ice beast barely misses Grum.
The wolf bites you!
* * * LOW HITPOINT WARNING * * *
Casting: Shock (safe; 1% risk of failure)
Confirm with . or Enter, or press ? or * to list all spells.
A chill wind blows around you.
* * * LOW HITPOINT WARNING * * *
Your ice beast disappears in a puff of smoke!
The wolf bites you.
You die...

##...## #.### ##+###
#...# ....# ###.# #
#.#.# #.# #.##.#.# #.#
#.#....### #.#
#........# #.#
#.#.$..#.#######.#
.####.#..#.§g.hh@.Y..#
.........#.#.#########
#####...Y..###
####.### #.# #.# #h#
#.# #.#


You could see Grum, 2 wolves and a friendly ice beast (summoned).

Vanquished Creatures
  A steam dragon (D:7)
  Pargi (Sewer)
  A sky beast (D:6)
  2 ogres
  A centaur (D:6)
  2 necrophages
  A bullfrog (D:7)
  A wight (D:6)
  A scorpion (D:5)
  A water moccasin zombie (Ossuary)
  2 howler monkeys
  A hound (D:5)
  A jelly (D:6)
  2 iguanas
  2 mummies (Ossuary)
  5 adders
  3 gnolls (D:5)
  A white imp (D:6)
  2 adder zombies (Ossuary)
  2 worms
  2 dart slugs
  5 orcs (D:4)
  3 ball pythons
  5 bats
  4 endoplasms
  7 giant cockroaches
  5 goblins
  7 hobgoblins
  9 jackals
  11 quokkas
  A frilled lizard (D:2)
  2 gnoll zombies (Ossuary)
  3 hobgoblin zombies (Ossuary)
  4 kobolds
  2 kobold zombies (Ossuary)
  An orc zombie (Ossuary)
  3 rats
107 creatures vanquished.

Vanquished Creatures (collateral kills)
  A black bear (D:6)
  2 wolves (D:8)
  A phantom (D:6)
  A bullfrog (D:7)
  A water moccasin zombie (Ossuary)
  2 wights (D:6)
  A killer bee (D:6)
  An orc priest (D:7)
  An iguana (D:6)
  An orc wizard (D:7)
  A mummy (D:7)
  An adder (D:6)
  A shadow imp (D:6)
  3 adder zombies (Ossuary)
  3 orcs (D:7)
  2 hobgoblin zombies (Ossuary)
  5 kobold zombies (Ossuary)
  4 orc zombies (Ossuary)
32 creatures vanquished.

Grand Total: 139 creatures vanquished

Notes
Turn   | Place    | Note
-------+----------+-------------------------------------------
     0 | D:1      | jimonade the Djinni Ice Elementalist began the quest for
                  | the Orb.
     0 | D:1      | jimonade set off with the following spells memorised:
                  | Freeze, Frozen Ramparts, Ozocubu's Armour, Summon Ice
                  | Beast.
     0 | D:1      | Reached XP level 1. HP: 15/15 MP: 0/0
   127 | D:1      | Reached XP level 2. HP: 11/21 MP: 0/0
   343 | D:1      | Found Mepy's General Store.
   454 | D:1      | Reached XP level 3. HP: 20/25 MP: 0/0
   454 | D:1      | Learned a level 1 spell: Shock
   979 | D:2      | Reached skill level 4 in Spellcasting
  1216 | D:2      | Identified the +0 pair of gloves of the Ethereal God {+Inv
                  | rCorr}
  1783 | D:3      | Reached XP level 4. HP: 30/31 MP: 0/0
  2149 | D:3      | Noticed a necrophage
  2162 | D:3      | Killed a necrophage
  2163 | D:3      | Reached XP level 5. HP: 15/35 MP: 0/0
  2163 | D:3      | Learned a level 2 spell: Wereblood
  2692 | D:4      | Noticed an ogre
  2705 | D:4      | Killed an ogre
  2706 | D:4      | Reached skill level 5 in Spellcasting
  2706 | D:4      | Reached XP level 6. HP: 28/40 MP: 0/0
  3175 | D:5      | Entered Level 5 of the Dungeon
  3567 | D:5      | Found a glowing drain.
  3581 | Sewer    | Entered a sewer
  3622 | Sewer    | Noticed Pargi
  3636 | Sewer    | Killed Pargi
  3637 | Sewer    | Reached skill level 6 in Spellcasting
  3637 | Sewer    | Reached XP level 7. HP: 37/46 MP: 0/0
  3637 | Sewer    | Learned a level 2 spell: Call Imp
  4410 | D:5      | Found a staircase to the Ecumenical Temple.
  4471 | Temple   | Entered the Ecumenical Temple
  4749 | D:6      | Reached skill level 7 in Spellcasting
  4749 | D:6      | Reached XP level 8. HP: 51/51 MP: 0/0
  5186 | D:6      | Reached skill level 8 in Spellcasting
  5192 | D:6      | Reached skill level 1 in Armour
  5580 | D:7      | Reached skill level 1 in Shields
  5580 | D:7      | Reached XP level 9. HP: 55/56 MP: 0/0
  5580 | D:7      | Learned a level 3 spell: Call Canine Familiar
  5668 | D:7      | Found a sacrificial altar of Ru.
  5670 | D:7      | Noticed a cyclops
  5694 | D:7      | Identified the +0 robe of the Planets {SInv Stlth+}
  5930 | D:7      | Found a sand-covered staircase.
  5939 | Ossuary  | Entered an ossuary
  6091 | Ossuary  | Reached skill level 9 in Spellcasting
  6302 | D:7      | Found a transporter.
  6308 | D:7      | Found a transporter.
  6907 | D:8      | Noticed Grum
  6916 | D:8      | HP: 2/56 [Grum/+1 spear (19)]
  6929 | D:8      | Slain by a wolf

Illustrated notes

Levels and vault maps discovered:
D:1:      kennysheep_arrival_seaside, layout_basic, serial_shops,
          nicolae_diamond_shop
D:2:      layout_loops_ring
D:3:      layout_loops_ring
D:4:      layout_basic
D:5:      layout_loops_corners, minmay_temple_entry_poolview,
          gup_sewer_entry_pipe
D:6:      kennysheep_big_flooded_room, layout_basic
D:7:      layout_layer_cave, gammafunk_temple_overflow_arena,
          gup_ossuary_entry_pyramid
D:8:      nzn_winding_woodlands_stair_cross
          [nzn_winding_woodlands_5x15_river_crossing,
          nzn_winding_woodlands_center_triple_pond,
          nzn_winding_woodlands_5x15_concentric,
          nzn_winding_woodlands_5x5_default,
          nzn_winding_woodlands_5x5_checkerboard,
          nzn_winding_woodlands_5x15_pool,
          nzn_winding_woodlands_center_diamonds,
          nzn_winding_woodlands_5x15_jagged], layout_loops_corners,
          uniq_gastronok, uniq_erica, uniq_grum
Temple:   mainiacjoe_temple_coin_purse

Skill      XL: |  1  2  3  4  5  6  7  8  9 |
---------------+----------------------------+-----
Spellcasting   | 4 5 6 7 8 9 |  9.2
Dodging        | 3 |  3.6
Armour         | 1 2 |  2.1
Shields        | 1 |  1.1
Fighting       | |  0.7
Stealth        | |  1.5

Action                     |  1- 3 |  4- 6 |  7- 9 || total
---------------------------+-------+-------+-------++-------
  Melee: Spear             |       |       |    49 ||    49
   Cast: Freeze            |    59 |     9 |    33 ||   101
         Shock             |     5 |   102 |    80 ||   187
         Frozen Ramparts   |       |     4 |     3 ||     7
         Ozocubu's Armour  |       |     2 |     4 ||     6
         Call Imp          |       |       |     7 ||     7
         Summon Ice Beast  |       |       |    30 ||    30
 Armour: Robe              |     5 |     6 |       ||    11
         Troll leather arm |       |       |    22 ||    22
  Dodge: Dodged            |    19 |    10 |    46 ||    75
  Block: Other             |     2 |     4 |    13 ||    19

Table legend: (Time is in decaauts)
 A = Elapsed time spent in this place.
 B = Non-inter-level travel time spent in this place.
 C = Inter-level travel time spent in this place.
 D = Time resting spent in this place.
 E = Time spent auto-exploring this place.
 F = Levels seen in this place.
 G = Mean time per level.
                   A        B        C        D        E       F      G
               +--------+--------+--------+--------+--------+-----+--------+
         Total |   6931 |   6479 |    452 |    136 |   5027 |  11 |  630.1 |
       Dungeon |   6408 |   5969 |    439 |    136 |   4749 |   8 |  801.0 |
        Temple |    112 |     99 |     13 |      0 |     86 |   1 |  112.0 |
         Sewer |    210 |    210 |      0 |      0 |    116 |   1 |  210.0 |
       Ossuary |    199 |    199 |      0 |      0 |     76 |   1 |  199.0 |
               +--------+--------+--------+--------+--------+-----+--------+

Top non-repeatable levels by time:
     D:5: 1137 daAuts
     D:7: 1093 daAuts
     D:1: 1018 daAuts
     D:6: 892 daAuts
     D:3: 823 daAuts
     D:2: 721 daAuts
     D:4: 610 daAuts
   Sewer: 210 daAuts
 Ossuary: 199 daAuts
  Temple: 112 daAuts
     D:8: 110 daAuts
